 Dungeon Crawl Stone Soup version 0.27.0-1-g7a089689b8 (webtiles) character file.

Game seed: 7059665287581307612

2116 bjtr the Sneak (level 9, -9/59 HPs)
             Began as an Octopode Conjurer on Aug 14, 2021.
             Was an Initiate of Vehumet.
             Mangled by an ice beast (14 damage)
             ... on level 7 of the Dungeon.
             The game lasted 00:25:51 (7422 turns).

bjtr the Sneak (Octopode Conjurer)                  Turns: 7422, Time: 00:25:57

Health: -9/59      AC:  1    Str:  6    XL:     9   Next: 29%
Magic:  11/16      EV: 14    Int: 24    God:    Vehumet [......]
Gold:   305        SH:  0    Dex: 10    Spells: 11/18 levels left

rFire    . . .     SeeInvis +   m - +0 morningstar
rCold    . . .     Faith    .   (no shield)
rNeg     . . .     Spirit   .   (helmet restricted)
rPois    .         Reflect  .   (no amulet)
rElec    .         Harm     .   h - ring of see invisible
rCorr    .         Rampage  .   (no ring)
Will     .....                  (no ring)
Stlth    ++++......             (no ring)
HPRegen  0.19/turn              (no ring)
MPRegen  0.15/turn              (no ring)
                                (no ring)
                                (no ring)

@: no status effects
A: almost no armour, amphibious, 8 rings, camouflage 1, gelatinous body 1,
(nimble swimmer 1), tentacles
a: Renounce Religion


You were on level 7 of the Dungeon.
You worshipped Vehumet.
Vehumet was noncommittal.
You visited 2 branches of the dungeon, and saw 8 of its levels.

You collected 305 gold pieces.

Inventory:

Hand Weapons
 e - a +1 short sword
 m - a +0 morningstar (weapon)
 o - a +0 hunting sling
 q - a +0 rapier
 r - a +2 spear of venom
Missiles
 c - 130 stones
 d - 4 silver javelins (quivered)
 g - 6 boomerangs of dispersal
 s - 10 poisoned darts
Magical Staves
 b - a staff of fire
Jewellery
 h - a ring of see invisible (left tentacle)
 k - a ring of ice
Scrolls
 n - a scroll of blinking
Potions
 a - 3 potions of attraction
 f - a potion of curing {unknown}
 i - 3 potions of lignification
 j - 2 potions of degeneration {unknown}
 l - a potion of might {unknown}
 p - 2 potions of magic
 t - a potion of heal wounds {unknown}


   Skills:
 * Level 4.4 Fighting
 - Level 0.1 Throwing
 * Level 5.0 Dodging
 + Level 6.9 Stealth
 * Level 4.4 Shields
 + Level 5.0 Spellcasting
 + Level 6.8 Conjurations


You had 11 spell levels left.
You knew the following spells:

 Your Spells              Type           Power      Damage    Failure   Level
a - Magic Dart            Conj           100%       1d8       1%          1
b - Searing Ray           Conj           78%        3d6       1%          2
c - Iskenderun's Mystic   Conj/Tloc      22%        2d6       22%         4

Your spell library contained the following spells:

 Spells                   Type           Power      Damage    Failure   Level
 Dazzling Flash           Conj/Hex       44%        N/A       6%          3
 Fulminant Prism          Conj/Hex       11%        3d9       22%         4


Dungeon Overview and Level Annotations

Branches:
Dungeon (7/15)             Temple (1/1) D:6

Altars:
Ashenzari
Cheibriados
Elyvilon
Fedhas
Hepliaklqana
Kikubaaqudgha
Makhleb
Nemelex Xobeh
Okawaru
Qazlal
Sif Muna
Trog
Uskayaw
Vehumet
Wu Jian
Xom
Zin
The Shining One


Innate Abilities, Weirdness & Mutations

You cannot wear most types of armour.
You are amphibious.
You can wear up to eight rings at the same time.
Your skin changes colour to match your surroundings (Stealth+).
Your rubbery body absorbs attacks. (AC +1, EV +1)
((You are camouflaged near water. (Stealth+)))
You have tentacles for arms and can constrict up to eight enemies at once.


Message History

Magic restored.
You start resting.
HP restored.
The ufetubus shouts!
Casting: Searing Ray (safe; 1% risk of failure)
Confirm with . or Enter, or press ? or * to list all spells.
Aiming: Searing Ray (safe; 1% risk of failure)
Press: ? - help, Shift-Dir - straight line, f - ufetubus
Aim: an ufetubus (68% to hit)
The searing ray hits the ufetubus!
You kill the ufetubus!
Vehumet accepts your kill. (Press . to maintain the ray.) Magic restored.
An ice beast comes into view.
Casting: Searing Ray (safe; 1% risk of failure)
Confirm with . or Enter, or press ? or * to list all spells.
Aiming: Searing Ray (safe; 1% risk of failure)
Press: ? - help, Shift-Dir - straight line, f - ice beast
Aim: an ice beast (81% to hit)
The searing ray hits the ice beast!
The ice beast is moderately wounded. (Press . to maintain the ray.)
The searing ray misses the ice beast.
The ice beast hits you. The ice beast freezes you!
The searing ray hits the ice beast!
The ice beast is severely wounded.
The ice beast hits you. The ice beast freezes you.
The searing ray hits the ice beast!
The ice beast is almost dead.
You finish channeling your searing ray.
The ice beast hits you. The ice beast freezes you!
You barely miss the ice beast. Your squeeze misses the ice beast.
The ice beast is almost dead.
The ice beast hits you. The ice beast freezes you!
* * * LOW HITPOINT WARNING * * *
The ice beast hits you.
* * * LOW HITPOINT WARNING * * *
The ice beast freezes you!
You die...

#....# ##...#
#.#..# #....#
#....# #.#..#
##...##
########.....#.#
......Y@.........
#............####
#.######...###
#./.# #####


You could see an ice beast.

Vanquished Creatures
  Eustachio (D:5)
  A steam dragon (D:6)
  2 water moccasins
  Duvessa (D:4)
  2 ice beasts (D:7)
  A black bear (D:5)
  3 necrophages
  An ogre (D:6)
  A centaur (D:6)
  A phantom (D:4)
  3 scorpions (D:5)
  Dowan (D:4)
  2 water moccasin skeletons
  A howler monkey (D:6)
  5 hounds
  A gnoll shaman (D:6)
  An iguana (D:6)
  A killer bee zombie (D:6)
  A hound skeleton (D:5)
  A howler monkey zombie (D:7)
  4 gnolls (D:6)
  3 white imps
  An ufetubus (D:7)
  A worm (D:2)
  2 dart slugs
  8 orcs
  3 endoplasms
  2 giant cockroaches
  16 goblins
  5 hobgoblins
  5 jackals
  A quokka (D:2)
  7 ball pythons
  3 frilled lizards
  5 kobolds
  4 rats
101 creatures vanquished.

Vanquished Creatures (others)
  3 plants (D:3)
3 creatures vanquished.

Grand Total: 104 creatures vanquished

Notes
Turn   | Place    | Note
-------+----------+-------------------------------------------
     0 | D:1      | bjtr the Octopode Conjurer began the quest for the Orb.
     0 | D:1      | Reached XP level 1. HP: 11/11 MP: 3/3
    64 | D:1      | Found a faded altar of an unknown god.
   208 | D:1      | Reached XP level 2. HP: 17/17 MP: 0/5
   264 | D:1      | Learned a level 2 spell: Searing Ray
  1086 | D:1      | Reached XP level 3. HP: 21/21 MP: 0/6
  1811 | D:2      | Found a glowing golden altar of the Shining One.
  2096 | D:3      | Reached skill level 5 in Conjurations
  2194 | D:3      | Found a broken altar of Ashenzari.
  2204 | D:3      | Found a sparkling altar of Nemelex Xobeh.
  2204 | D:3      | Found a shimmering blue altar of Sif Muna.
  2275 | D:3      | You fall into a shaft and drop 1 floor!
  2281 | D:4      | Reached XP level 4. HP: 27/27 MP: 2/7
  2404 | D:4      | Found an ancient bone altar of Kikubaaqudgha.
  2506 | D:4      | Reached XP level 5. HP: 32/32 MP: 2/8
  2667 | D:4      | Noticed Duvessa
  2673 | D:4      | Noticed Dowan
  2687 | D:4      | Killed Duvessa
  2688 | D:4      | Reached skill level 1 in Fighting
  2688 | D:4      | Reached skill level 1 in Shields
  2690 | D:4      | Killed Dowan
  2691 | D:4      | Reached XP level 6. HP: 38/38 MP: 0/10
  2770 | D:4      | Noticed a water moccasin
  2776 | D:4      | Killed a water moccasin
  2856 | D:4      | Reached XP level 7. HP: 45/45 MP: 6/12
  2861 | D:4      | Learned a level 4 spell: Iskenderun's Mystic Blast
  3464 | D:5      | Entered Level 5 of the Dungeon
  3466 | D:5      | Noticed Eustachio
  3477 | D:5      | Killed Eustachio
  3603 | D:5      | Found an iron altar of Okawaru.
  3746 | D:5      | Reached skill level 5 in Stealth
  3872 | D:5      | Reached XP level 8. HP: 48/51 MP: 7/14
  4678 | D:6      | Found a staircase to the Ecumenical Temple.
  5163 | Temple   | Entered the Ecumenical Temple
  5184 | Temple   | Became a worshipper of Vehumet
  5644 | D:6      | Found a burning altar of Makhleb.
  6667 | D:7      | Reached XP level 9. HP: 58/58 MP: 6/16
  7130 | D:7      | Reached skill level 5 in Spellcasting
  7133 | D:7      | Reached skill level 5 in Dodging
  7422 | D:7      | Mangled by an ice beast

Illustrated notes

Levels and vault maps discovered:
D:1:      nzn_arrival_crosshair, layout_basic, ebering_ecumenical_altar_box,
          chequers_serial_rivers_large_b
D:2:      layout_rooms, basic_altar, feat_on_display
D:3:      layout_basic, gammafunk_temple_overflow_forgotten, serial_aquarium,
          aquarium_bridge_island_large [aquarium_subvault_large_open,
          aquarium_subvault_bridge, aquarium_subvault_wall,
          aquarium_subvault_bridge, aquarium_subvault_wall],
          aquarium_bridge_square [aquarium_subvault_bridge,
          aquarium_subvault_bridge, aquarium_subvault_wall,
          aquarium_subvault_bridge], aquarium_window_corridor_1,
          aquarium_window_fake, aquarium_view_2a, aquarium_view_2e,
          aquarium_balcony_3a
D:4:      kennysheep_the_goblin_king, layout_loops_cross,
          nicolae_kikubaaqudgha_miasma_corner, grunt_ministairs_7, uniq_duvessa
D:5:      layout_loops_ring, mainiacjoe_overflow_paths, uniq_eustachio
D:6:      layout_cave_pods, makhleb_blood_cavern_becter,
          minmay_temple_entry_butterflies
D:7:      wad_river_or_something, layout_loops_ring,
          grunt_temple_overflow_holy_war, amcnicky_altar_gilded, st_stairs_11
Temple:   jpeg_temple_clearing

Skill      XL: |  1  2  3  4  5  6  7  8  9 |
---------------+----------------------------+-----
Conjurations   | 5 6 |  6.8
Stealth        | 3 4 5 6 |  6.9
Fighting       | 1 2 4 |  4.4
Shields        | 1 2 4 |  4.4
Spellcasting   | 3 4 5 |  5.0
Dodging        | 3 4 5 |  5.0
Throwing       | |  0.1

Action                   |  1- 3 |  4- 6 |  7- 9 || total
-------------------------+-------+-------+-------++-------
Melee: Short sword       |     8 |    13 |       ||    21
       Tentacles         |     1 |     1 |     2 ||     4
       Constrict         |       |     4 |     8 ||    12
       Flail             |       |       |     7 ||     7
       Morningstar       |       |       |    26 ||    26
Throw: Javelin           |     2 |     1 |       ||     3
 Cast: Magic Dart        |    53 |     7 |     2 ||    62
       Searing Ray       |     6 |     5 |    42 ||    53
  Use: Scroll            |     3 |       |     6 ||     9
 Stab: Sleeping          |     2 |       |     3 ||     5
Armor: Skin              |       |     4 |     3 ||     7
Dodge: Dodged            |     5 |    13 |    56 ||    74
